Map: Glittering Ashes LE

Players

Zoun

  • Race: Protoss Protoss
  • League: Master

ByuN - Winner!

  • Race: Terran Terran

Event: TSL 8

VOD

Have the link to the VOD?

Description

Time

  • Played on: Nov. 28, 2021, 7:40 a.m.
  • Length: 11:28

All games in this series

Show
View Real Time Build Order
Export as new Build Order

Zoun Protoss 

Build Orders: 1 Gate Expand, Blink Stalkers 

Get SALT Encoding   

  12  0:00  Probe  
  13  0:12  Probe  
  14  0:17  Pylon  
  14  0:24  Probe (Chrono Boost)  
  15  0:36  Gateway, Probe (Chrono Boost)  
  16  0:44  Probe (Chrono Boost)  
  16  0:45  Assimilator  
  17  0:51  Probe  
  18  1:03  Probe  
  19  1:15  Probe  
  20  1:23  Cybernetics Core  
  20  1:29  Zealot  
  22  1:38  Nexus  
  22  1:44  Pylon  
  22  1:47  Probe  
  23  1:59  Stalker (Chrono Boost)  
  23  2:02  Probe  
  23  2:06  Warp Gate  
  26  2:09  Assimilator  
  26  2:17  Probe  
  27  2:29  Probe  
  28  2:31  Shield Battery  
  28  2:34  Adept  
  30  2:41  Probe (Chrono Boost)  
  31  2:48  Twilight Council  
  31  2:57  Probe x2 (Chrono Boost)  
  32  3:05  Probe (Chrono Boost)  
  34  3:06  Adept, Probe (Chrono Boost)  
  37  3:14  Probe x2 (Chrono Boost)  
  38  3:21  Gateway  
  38  3:25  Probe  
  38  3:26  Probe  
  40  3:29  Blink (Chrono Boost)  
  40  3:38  Probe (Chrono Boost)  
  40  3:40  Probe (Chrono Boost)  
  42  3:42  Pylon  
  42  3:47  Shield Battery  
  44  3:55  Probe x2 (Chrono Boost)  
  44  3:56  Robotics Facility  
  44  4:02  Stalker, Probe (Chrono Boost)  
  47  4:03  Probe  
  48  4:14  Probe  
  48  4:16  Assimilator  
  49  4:18  Stalker  
  49  4:19  Probe, Pylon  
  52  4:26  Probe  
  53  4:35  Probe  
  53  4:37  Stalker  
  51  4:39  Probe  
  51  4:43  Observer  
  53  4:48  Stalker  
  53  4:50  Probe  
  56  5:00  Stalker  
  56  5:01  Nexus  
  56  5:03  Pylon  
  58  5:08  Probe  
  58  5:11  Probe  
  60  5:14  Assimilator  
  60  5:16  Robotics Bay  
  60  5:18  Observer  
  60  5:20  Probe  
  62  5:23  Probe  
  62  5:24  Pylon  
  63  5:32  Probe  
  63  5:35  Probe  
  65  5:36  Gateway  
  65  5:39  Resonating Glaives  
  65  5:41  Observer  
  65  5:44  Gateway, Probe  
  65  5:45  Stalker  
  65  5:47  Probe  
  69  5:52  Observer  
  69  5:54  Stalker  
  69  5:56  Probe  
  72  5:59  Probe  
  72  6:00  Observer  
  73  6:07  Extended Thermal Lance  
  73  6:08  Observer, Probe, Colossus (Chrono Boost)  
  74  6:11  Probe  
  74  6:16  Probe  
  82  6:20  Probe  
  82  6:23  Probe  
  82  6:24  Gateway  
  82  6:25  Gateway  
  84  6:27  Shield Battery  
  84  6:28  Probe  
  84  6:32  Probe  
  85  6:33  Sentry  
  85  6:35  Probe  
  85  6:39  Gateway  
  88  6:41  Gateway  
  88  6:42  Adept  
  88  6:43  Sentry  
  88  6:46  Pylon  
  92  7:02  Observer  
  92  7:04  Colossus (Chrono Boost)  
  92  7:07  Probe  
  99  7:15  Stalker x3  
  95  7:22  Adept  
  97  7:24  Probe x2  
  97  7:26  Probe  
  100  7:32  Observer  
  100  7:35  Pylon  
  100  7:36  Probe  
  101  7:38  Pylon  
  101  7:40  Pylon  
  101  7:44  Pylon  
  101  7:53  Colossus (Chrono Boost)  
  101  7:54  Adept  
  101  7:56  Pylon  
  101  7:58  Probe  
  110  8:04  Adept x3  
  110  8:05  Adept x2  
  118  8:12  Stalker  
  120  8:14  Probe x3  
  119  8:25  Adept x3  
  119  8:26  Adept x2  
  112  8:30  Probe  
  112  8:33  Observer  
  108  8:37  Probe  
  108  8:39  Probe (Chrono Boost)  
  104  8:42  Adept  
  104  8:43  Adept x2, Probe (Chrono Boost)  
  104  8:45  Warp Prism (Chrono Boost)  
  113  8:49  Probe (Chrono Boost)  
  113  8:51  Probe (Chrono Boost)  
  113  8:55  Probe (Chrono Boost)  
  116  8:56  Stalker x2  
  116  8:59  Probe x2 (Chrono Boost)  
  116  9:00  Probe (Chrono Boost)  
  123  9:04  Stalker, Probe (Chrono Boost)  
  123  9:05  Probe  
  123  9:08  Stalker  
  123  9:09  Probe  
  130  9:11  Observer  
  130  9:15  Probe  
  131  9:19  Adept x4  
  137  9:36  Adept x2  
  141  9:39  Pylon  
  141  9:41  Pylon  
  141  9:43  Pylon  
  141  9:44  Pylon  
  140  9:47  Forge  
  140  9:48  Observer (Chrono Boost)  
  140  9:52  Robotics Facility  
  141  10:00  Observer  
  141  10:04  Nexus, Disruptor (Chrono Boost)  
  141  10:05  Pylon  
  140  10:08  Adept x3  
  140  10:10  Probe x3  
  147  10:26  Adept x5  
  156  10:32  Nexus  
  156  10:34  Pylon  
  154  10:44  Adept x2  
  154  10:47  Adept  
  154  10:48  Adept x4  
  154  10:49  Probe x3  
  149  11:01  Probe  
  144  11:09  Stalker x4  
  114  11:14  Stalker  
  90  11:20  Stalker  
Show
View Real Time Build Order
Export as new Build Order

ByuN Terran - Winner!

Build Orders:  

Get SALT Encoding   

  12  0:00  SCV  
  13  0:13  SCV  
  14  0:18  Supply Depot  
  14  0:25  SCV  
  15  0:40  SCV, Barracks  
  16  0:46  Refinery  
  16  0:52  SCV  
  17  0:57  Refinery  
  17  1:05  SCV  
  18  1:17  SCV  
  19  1:27  Reaper  
  19  1:29  Orbital Command  
  20  1:43  Factory  
  20  1:52  Supply Depot  
  20  1:55  SCV  
  20  1:59  Reaper  
  22  2:20  SCV  
  23  2:27  Widow Mine  
  25  2:31  Command Center  
  25  2:32  SCV  
  26  2:44  Starport  
  26  2:45  SCV  
  26  2:50  Supply Depot  
  29  2:51  Widow Mine  
  29  2:57  SCV  
  30  3:07  Barracks  
  30  3:11  SCV  
  31  3:19  Widow Mine  
  33  3:22  Medivac  
  33  3:24  SCV  
  36  3:36  SCV  
  37  3:43  Factory Tech Lab  
  37  3:44  Orbital Command  
  37  3:48  SCV, Barracks  
  38  3:55  Barracks Reactor  
  38  4:00  SCV  
  39  4:03  Siege Tank  
  39  4:07  Bunker  
  42  4:10  Barracks Tech Lab, SCV  
  42  4:13  SCV  
  42  4:15  Supply Depot  
  44  4:22  SCV  
  45  4:25  SCV  
  46  4:35  SCV, Marine x3  
  46  4:37  SCV, Stimpack  
  51  4:40  Starport Reactor  
  51  4:44  Supply Depot  
  51  4:47  SCV  
  51  4:49  SCV  
  53  4:54  Refinery, Marine  
  53  4:55  Engineering Bay, Marine x2  
  53  4:58  Marauder  
  53  4:59  SCV  
  59  5:01  SCV  
  59  5:06  Supply Depot  
  60  5:11  SCV  
  60  5:13  SCV, Marine x2  
  60  5:14  Marauder, Factory Tech Lab  
  66  5:19  Marauder  
  68  5:22  Terran Infantry Weapons Level 1  
  68  5:23  SCV  
  68  5:25  SCV  
  68  5:27  Refinery  
  70  5:31  Supply Depot  
  70  5:34  Marine x2  
  70  5:35  SCV  
  73  5:37  SCV  
  74  5:43  Medivac x2  
  78  5:52  SCV x2  
  78  5:53  Marine  
  78  5:54  Marine  
  82  5:57  Siege Tank  
  82  6:02  Marauder  
  82  6:04  Supply Depot  
  86  6:10  Combat Shield  
  86  6:15  Supply Depot  
  86  6:21  Medivac, Marine x2  
  86  6:22  Marauder, SCV x2  
  86  6:23  Supply Depot  
  94  6:27  Marauder  
  96  6:39  Marine x2  
  98  6:41  Siege Tank  
  98  6:43  Marauder  
  98  6:45  Command Center  
  103  6:48  Marauder  
  103  6:50  Supply Depot  
  103  6:57  Marine x2  
  105  7:05  Marauder  
  107  7:09  Marine  
  107  7:15  Marine  
  107  7:20  SCV x2  
  109  7:24  Marine  
  109  7:26  Marauder, Siege Tank, Barracks  
  109  7:27  Marauder  
  109  7:28  Barracks  
  117  7:32  Supply Depot, SCV x2  
  117  7:33  Marine  
  118  7:45  Marine  
  118  7:47  Marauder  
  118  7:48  Medivac x2  
  118  7:49  SCV  
  126  7:53  Marauder, SCV  
  129  8:01  SCV  
  129  8:03  Marine  
  129  8:05  Siege Tank  
  133  8:07  Orbital Command  
  133  8:09  Marauder  
  133  8:11  SCV  
  135  8:13  SCV  
  135  8:15  Marauder  
  137  8:23  SCV  
  137  8:25  SCV  
  137  8:26  Concussive Shells  
  134  8:31  Marauder, Marine x2  
  131  8:34  SCV  
  131  8:35  SCV  
  131  8:36  Marauder  
  131  8:38  SCV  
  133  8:41  Siege Tank  
  133  8:47  SCV  
  137  8:49  Barracks Reactor, Barracks Tech Lab  
  137  8:52  Marauder, Armory  
  139  8:56  Engineering Bay, Marine x2  
  139  8:58  Marauder, Missile Turret  
  139  8:59  Supply Depot  
  139  9:00  SCV x3  
  139  9:01  Missile Turret  
  146  9:07  Viking  
  148  9:12  SCV  
  148  9:14  Refinery  
  148  9:15  Refinery  
  149  9:21  Marauder x2, SCV x2, Viking  
  149  9:23  Supply Depot  
  156  9:31  Marine  
  156  9:37  Supply Depot  
  157  9:38  Supply Depot  
  157  9:44  Marauder, Siege Tank, Marine x3  
  165  9:53  Supply Depot  
  165  9:56  SCV  
  165  9:57  SCV  
  165  9:58  SCV  
  165  9:59  Viking x2  
  169  10:03  Marauder, Marine  
  170  10:08  SCV  
  170  10:09  SCV  
  170  10:10  SCV  
  170  10:12  Sensor Tower  
  173  10:24  Marauder x3  
  173  10:27  Marine x4  
  173  10:28  Ghost Academy  
  182  10:45  Marauder x2  
  182  10:46  Marauder, Siege Tank  
  182  10:47  Marine x4  
  187  10:51  SCV x2  
  180  10:57  SCV  
  180  11:03  SCV x2  
  181  11:04  Marine  
  181  11:05  Marine x2  
  164  11:11  SCV  
  164  11:15  SCV x2  
Tags
 
Add a new tag
Caveats
  • Supply blocks, unpowered buildings, or Contaminate may cause inaccurate times.
  • Supply counts are checked every 10 seconds.